AoeStats
← RIO1000

Arabia

510426774Analyzed
1v1 RM · 2d ago on Oct 1, 2026· 36m 50s· 2 players
Game mode
Random Map
Map size
Tiny (2 player)
Population
200
Speed
Normal
Resources
Standard
Victory
Conquest
Starting age
Dark Age
Ending age
Imperial Age
RankedLock teamsTeams togetherTeam positionsShared explorationLock speedFull tech treeHidden civsTurbo modeCheats
Victory
Defeat
🇲🇽 Magyars · Mexico
804
+15
🇨🇷 Persians · Costa Rica
772
-38
Rats27
7:08 Loom
10:24 Feudal Age
10:55 Double-Bit Axe
14:32 Wheelbarrow
15:01 Horse Collar
17:42 Padded Archer Armor
17:32 Fletching
22:19 Bloodlines
25:01 Castle Age
26:49 Squires
29:05 Husbandry
30:14 Bow Saw
30:25 Heavy Plow
32:14 Hand Cart
33:04 Thumb Ring
36:44 Ballistics
35:58 Elite Skirmisher
RIO1000
10:31 Feudal Age
11:11 Loom
11:14 Double-Bit Axe
12:54 Fletching
13:39 Padded Archer Armor
19:17 Castle Age
19:24 Crossbowman
20:10 Thumb Ring
22:33 Wheelbarrow
24:37 Bow Saw
25:02 Horse Collar
26:26 Bodkin Arrow
26:47 Gold Mining
27:56 Heavy Plow
29:07 Stone Mining
29:10 Town Watch
30:19 Ballistics
31:00 Gold Shaft Mining
32:28 Pikeman
33:31 Scale Mail Armor
33:47 Leather Archer Armor
35:05 Hand Cart
Connection lost

Rejoining the realm…

Still unreachable

The connection could not be restored.

Session expired

The server has moved on; the page needs a fresh start.